 Dungeon Crawl Stone Soup version 0.31-a0-210-gccc998df9b (webtiles) character file.

Game seed: 11205164608453966794

60 Firecrotchwizard the Magician (level 4, -1/33 HPs)
             Began as a Djinni Fire Elementalist on May 25, 2023.
             Slain by Grinder (2 damage)
             ... on level 3 of the Dungeon on July 1, 2023.
             The game lasted 00:04:39 (1858 turns).

Firecrotchwizard the Magician (DjFE)                Turns: 1858, Time: 00:04:40

Health: -1/33      AC:  2    Str:  7    XL:     4   Next: 24%
Gold:   111        EV: 12    Int: 19    God:
                   SH:  0    Dex: 13

rFire   + + .        i - +0 spear (freeze)
rCold   x . .        (no shield)
rNeg    . . .        a - +0 robe
rPois   ∞            (no helmet)
rElec   .            (no cloak)
rCorr   .            (no gloves)
SInv    .            (boots unavailable)
Will    .....        (no amulet)
Stlth   ++           (no ring)
HPRegen 0.25/turn    (no ring)
MPRegen 0.00/turn

%: infuse magic (-2 HP)
@: brilliant, flying
A: sickness immunity, fire resistance 2, cold vulnerability 1, float, innate
caster, HP casting, extra vitality 1
a: no special abilities


You were on level 3 of the Dungeon.
You visited 1 branch of the dungeon, and saw 3 of its levels.

You collected 111 gold pieces.

Inventory:

Hand Weapons
 g - a +1 dagger of speed
 i - a +0 spear of freezing (weapon)
 s - a +0 dagger
Armour
 a - a +0 robe (worn)
Scrolls
 b - a scroll of poison {unknown}
 c - a scroll of torment {unknown}
 e - a scroll of fear {unknown}
 f - 2 scrolls of identify {unknown}
 l - a scroll of amnesia {unknown}
 m - a scroll of noise {unknown}
Potions
 d - a potion of brilliance
 h - 2 potions of heal wounds {unknown}
 j - 2 potions of attraction {unknown}
 k - a potion of curing {unknown}


   Skills:
 + Level 1.8 Fighting
 - Level 2.1 Dodging
 - Level 1.5 Stealth
 * Level 3.7 Spellcasting
 * Level 3.7 Conjurations
 * Level 3.7 Hexes
 * Level 3.7 Summonings
 * Level 3.7 Necromancy
 * Level 3.7 Translocations
 * Level 3.7 Transmutations
 * Level 3.7 Fire Magic
 * Level 3.7 Ice Magic
 * Level 3.7 Air Magic
 * Level 3.7 Earth Magic
 * Level 3.7 Poison Magic


You knew the following spells:

 Your Spells              Type           Power      Damage    Failure   Level
a - Foxfire               Conj/Fire      100%       2x1d9     3%          1
b - Scorch                Fire           52%        2d7       4%          2
c - Volatile Blastmotes   Fire/Tloc      52%        2d14      10%         3
d - Inner Flame           Hex/Fire       26%        N/A       10%         3
e - Flame Wave            Conj/Fire      26%        2d8       30%         4
f - Kiss of Death         Conj/Necr      100%       2d13      3%          1
Your spell library was empty.

Dungeon Overview and Level Annotations

Branches:
Dungeon (3/15)

Altars:
Zin

Annotations:
D:3 Grinder


Innate Abilities, Weirdness & Mutations

You are immune to sickness and miasma.
You are immune to poison.
Your flesh is very heat resistant. (rF++)
You are vulnerable to cold. (rC-)
You float through the air rather than walking.
You learn spells naturally, not from books.
Your magical power is your life essence.
You have superior vitality. (+4 MHP)


Message History

The foxfire hits the adder.
The adder is moderately wounded.
The adder misses you. The adder bites you. The adder barely misses you.
You hit the adder. You freeze the adder.
The adder is severely wounded.
The foxfire hits the adder!
You kill the adder!
The foxfire hits the adder but does no damage.
The adder is moderately wounded.
The adder bites you.
* * * LOW HITPOINT WARNING * * *
You have reached level 4!
You feel clever.
Unknown command.
Casting: Foxfire (safe; 3% risk of failure)
Confirm with . or Enter, or press ? or * to list all spells.
You conjure some foxfire!
* * * LOW HITPOINT WARNING * * *
The adder bites you.
* * * LOW HITPOINT WARNING * * *
The adder bites you.
* * * LOW HITPOINT WARNING * * *
Casting: Foxfire (safe; 3% risk of failure)
Confirm with . or Enter, or press ? or * to list all spells.
You conjure some foxfire!
* * * LOW HITPOINT WARNING * * *
The foxfire hits the adder!
You kill the adder!
Unknown command.
You start resting.
Your foxfire dissipates! x2
Your foxfire dissipates!
HP restored.
You now have 111 gold pieces (gained 9).
Key pressed, stopping explore.
There is an open door here.
You reach down and open the door.
There is an open door here.
Found an escape hatch in the floor.
There is an escape hatch in the floor here.
Done exploring.
Done exploring.
(D) Dungeon
Where to? (? - help)
There is an open door here.
There is an open door here.
There is a stone staircase leading down here.
You fly downwards.
Grinder shouts!
Found a scroll labelled EBUBU GAMYIMEKO.
There is a stone staircase leading up here.
Grinder is nearby!
Casting: Foxfire (safe; 3% risk of failure)
Confirm with . or Enter, or press ? or * to list all spells.
You conjure some foxfire!
Grinder says, "DUCK!"
The foxfire hits Grinder.
Grinder is lightly wounded.
Casting: Foxfire (safe; 3% risk of failure)
Confirm with . or Enter, or press ? or * to list all spells.
Okay, then.
Casting: Foxfire (safe; 3% risk of failure)
Confirm with . or Enter, or press ? or * to list all spells.
Flames lash Grinder.
Grinder is lightly wounded.
Grinder's fire resistance burns away.
The foxfire hits Grinder.
Grinder is burned terribly!
Grinder is moderately wounded.
Casting: Scorch (safe; 4% risk of failure)
Confirm with . or Enter, or press ? or * to list all spells.
You conjure some foxfire!
Grinder hits you!
You writhe in agony.
Casting: Foxfire (safe; 3% risk of failure)
Confirm with . or Enter, or press ? or * to list all spells.
You conjure some foxfire!
The foxfire hits Grinder!
Grinder is burned terribly!
Grinder is heavily wounded.
The foxfire hits Grinder.
Grinder is burned terribly!
Grinder is severely wounded.
Grinder misses you.
Casting: Foxfire (safe; 3% risk of failure)
Confirm with . or Enter, or press ? or * to list all spells.
You conjure some foxfire!
The foxfire hits Grinder.
Grinder is severely wounded.
Grinder hits you!
* * * LOW HITPOINT WARNING * * *
You writhe in agony.
* * * LOW HITPOINT WARNING * * *
Grinder is no longer more vulnerable to fire.
The foxfire hits Grinder but does no damage.
Grinder is severely wounded.
The foxfire hits Grinder but does no damage.
Grinder is severely wounded.
Grinder hits you.
* * * LOW HITPOINT WARNING * * *
You writhe in agony.
* * * LOW HITPOINT WARNING * * *
You aren't carrying any items that you can evoke.
It was a potion of brilliance.
You feel clever all of a sudden. Grinder hits you.
You die...

. ###..
... .
.....
#.#.#
##§...#
#@.§..+
#5....#
#.....#
##.....?.
##.###.
.# #


You could see Grinder.

Vanquished Creatures
  3 adders (D:2)
  4 endoplasms
  A giant cockroach (D:2)
  4 goblins
  4 hobgoblins
  2 quokkas
  4 ball pythons
  2 bats
  3 frilled lizards
  2 kobolds (D:2)
  3 rats (D:2)
32 creatures vanquished.

Vanquished Creatures (others)
  64 foxfires
64 creatures vanquished.

Grand Total: 96 creatures vanquished

Notes
Turn   | Place    | Note
-------+----------+-------------------------------------------
     0 | D:1      | Firecrotchwizard the Djinni Fire Elementalist began the
                  | quest for the Orb.
     0 | D:1      | Firecrotchwizard set off with the following spells
                  | memorised: Foxfire, Scorch, Volatile Blastmotes, Inner
                  | Flame, Flame Wave.
     0 | D:1      | Reached XP level 1. HP: 15/15 MP: 0/0
   322 | D:1      | Reached XP level 2. HP: 21/22 MP: 0/0
   862 | D:1      | Reached skill level 1 in Fighting
  1111 | D:2      | Upgraded the game from 0.31-a0-95-g6fa058ef04 to
                  | 0.31-a0-210-gccc998df9b
  1184 | D:2      | Found a glowing silver altar of Zin.
  1194 | D:2      | Reached XP level 3. HP: 19/27 MP: 0/0
  1194 | D:2      | Learned a level 1 spell: Kiss of Death
  1703 | D:2      | Reached XP level 4. HP: 16/33 MP: 0/0
  1851 | D:3      | Noticed Grinder
  1857 | D:3      | HP: 1/33 [Grinder (5)]
  1858 | D:3      | Slain by Grinder

Illustrated notes

Levels and vault maps discovered:
D:1:      minmay_arrival_widening_spiral_wide, layout_basic
D:2:      layout_basic, basic_altar
D:3:      layout_basic, kennysheep_slug_shrine, roderic_filled_cross,
          minmay_statues_item, minmay_misc_feat_more_columns,
          minmay_diced_spiral, uniq_grinder

Skill      XL: |  1  2 |
---------------+-------+-----
Spellcasting   | |  3.7
Conjurations   | |  3.7
Hexes          | |  3.7
Summonings     | |  3.7
Necromancy     | |  3.7
Translocations | |  3.7
Transmutations | |  3.7
Fire Magic     | |  3.7
Ice Magic      | |  3.7
Air Magic      | |  3.7
Earth Magic    | |  3.7
Poison Magic   | |  3.7
Fighting       | 1 |  1.8
Dodging        | |  2.1
Stealth        | |  1.5

Action                     |  1- 3 |  4- 6 || total
---------------------------+-------+-------++-------
  Melee: Spear             |    35 |       ||    35
         Dagger            |     2 |       ||     2
   Cast: Foxfire           |    32 |     6 ||    38
         Scorch            |     1 |     1 ||     2
    Use: Potion            |       |     1 ||     1
   Stab: Sleeping          |     3 |       ||     3
 Armour: Robe              |     9 |       ||     9
  Dodge: Dodged            |    20 |     1 ||    21

Table legend: (Time is in decaauts)
 A = Elapsed time spent in this place.
 B = Non-inter-level travel time spent in this place.
 C = Inter-level travel time spent in this place.
 D = Time resting spent in this place.
 E = Time spent auto-exploring this place.
 F = Levels seen in this place.
 G = Mean time per level.
                   A        B        C        D        E       F      G
               +--------+--------+--------+--------+--------+-----+--------+
         Total |   1858 |   1803 |     55 |    104 |   1473 |   3 |  619.3 |
       Dungeon |   1858 |   1803 |     55 |    104 |   1473 |   3 |  619.3 |
               +--------+--------+--------+--------+--------+-----+--------+

Top non-repeatable levels by time:
     D:1: 1089 daAuts
     D:2: 762 daAuts
     D:3: 6 daAuts
